 Dungeon Crawl Stone Soup version 0.29-a0-559-g359e09b9d1 (webtiles) character file.

Game seed: 7313700450049499785

18 spaghetti the Skirmisher (level 2, 0/48 HPs)
             Began as an Ogre Berserker on June 10, 2022.
             Was a Follower of Trog.
             Slain by a goblin
             ... wielding a +0 dagger
              (1 damage)
             ... on level 1 of the Dungeon.
             The game lasted 00:00:27 (277 turns).

spaghetti the Skirmisher (Ogre Berserker)            Turns: 277, Time: 00:00:28

Health: 0/48       AC:  3    Str: 20    XL:     2   Next: 66%
Magic:  2/2        EV: 10    Int:  8    God:    Trog [*.....]
Gold:   8          SH:  0    Dex:  8    Spells: 1/1 levels left

rFire   . . .      SeeInvis .     - Unarmed
rCold   . . .      Faith    .   (no shield)
rNeg    . . .      Spirit   .   a - +0 animal skin
rPois   .          Reflect  .   (helmet restricted)
rElec   .          Harm     .   (no cloak)
rCorr   .          Rampage  .   (gloves unavailable)
Will    .....                   (boots unavailable)
Stlth   ..........              (no amulet)
HPRegen 0.16/turn               (no ring)
MPRegen 0.08/turn               (no ring)

@: berserking, very quick
A: large, unfitting armour, tough skin 1
a: Renounce Religion, Berserk


You were on level 1 of the Dungeon.
You worshipped Trog.
Trog was aware of your devotion.
You visited 1 branch of the dungeon, and saw 1 of its levels.

You collected 8 gold pieces.


Innate Abilities, Weirdness & Mutations

You are too large for most types of armour.
You have tough skin. (AC +1)


   Skills:
 - Level 4.0 Fighting
 - Level 2.6 Dodging
 + Level 3.5 Unarmed Combat


You had one spell level left.
You didn't know any spells.
Your spell library was empty.

Inventory:

Armour
 a - a +0 animal skin (worn)
Scrolls
 b - a scroll of magic mapping {unknown}
 c - a scroll of noise {unknown}
Potions
 d - 2 potions of heal wounds {unknown}

Dungeon Overview and Level Annotations

Branches:
Dungeon (1/15)

Altars:

#........ #........
########### #........
..........# #........
..........# #.....$..
.....†....# #b.......
..........######gK....#
......[.......##@#
########.†....##.#
#......##.#
#......##.##.#
#......'.....#
#......##.##.#
####......##.# ..
#.........##.. #..
#.....###.##... .


You could see a goblin, a bat and a kobold.


Message History

You take 3 damage, and now have 21/24 hp.
You are too injured to fight recklessly!
You are too injured to fight recklessly!
You are too injured to fight recklessly!
You are too injured to fight recklessly!
You are too injured to fight recklessly!
You are too injured to fight recklessly!
You are too injured to fight recklessly!
You are too injured to fight recklessly!
You are too injured to fight recklessly!
You are too injured to fight recklessly!
You are too injured to fight recklessly!
You are too injured to fight recklessly!
A rat is nearby!
A rat is nearby!
A rat is nearby!
You hit the rat.
You kill the rat!
Trog accepts your kill.
A rat comes into view.
You see here a rat corpse.
You see here a +2 plate armour of fire resistance.
The rat bites you. 😕 HP[-2]
You take 2 damage, and now have 19/24 hp.
You hit the rat.
You kill the rat!
Trog accepts your kill.
You see here a rat corpse. 😕 HP[+1]
You now have 8 gold pieces.
Key pressed, stopping explore.
d - 2 fuming purple potions (gained 1)
You see here a +2 plate armour of fire resistance.
You open the door.
There is an open door here.
A gnoll comes into view. It is wielding a +0 club.
The gnoll shouts! 😎 HP[+4]
Your hp is fully restored (24).
A gnoll is nearby!
A gnoll is nearby!
A gnoll is nearby!
A goblin comes into view. It is wielding a +0 dagger.
The goblin shouts!
You hear a shout!
You hear an angry hiss. x2
A bat comes into view.
The gnoll closely misses you.
The bat moves out of view.
You hit the gnoll. The gnoll barely misses you.
You completely miss the gnoll. The gnoll barely misses you.
You closely miss the gnoll. The gnoll closely misses you.
A kobold comes into view. It is wielding a +0 whip.
You hit the gnoll.
An endoplasm comes into view.
The gnoll hits you with a +0 club! 😮 HP[-8]
You take 8 damage, and now have 16/24 hp.
MASSIVE DAMAGE!! (PAUSE)
You closely miss the gnoll.
The endoplasm quivers.
The gnoll hits you with a +0 club.
* * * LOW HITPOINT WARNING * * *
😨 HP[-5]
You take 5 damage, and now have 11/24 hp.
MASSIVE DAMAGE!! (PAUSE)
You fail to use your ability.
The gnoll hits you with a +0 club.
* * * LOW HITPOINT WARNING * * *
😱 HP[-5]
You take 5 damage, and now have 6/24 hp.
MASSIVE DAMAGE!! (PAUSE) Unknown command.
Unknown command.
A red film seems to cover your vision as you go berserk!
You feel yourself moving faster!
You feel mighty! The gnoll hits you with a +0 club.
* * * LOW HITPOINT WARNING * * *
The endoplasm freezes you.
You are frozen.
* * * LOW HITPOINT WARNING * * *
😱 HP[-4]
You now have 36 max hp (+12).
You punch the gnoll!
You kill the gnoll!
Trog accepts your kill. The bat barely misses you.
You have reached level 2! 😱 HP[+1] MP[+1]
You now have 48 max hp (+12).
Your mp is fully restored (2).
You punch the endoplasm!
You kill the endoplasm!
Trog accepts your kill. The bat barely misses you. The bat closely misses you.
The goblin hits you with a +0 dagger.
* * * LOW HITPOINT WARNING * * *
Things that are here:
a +0 club {mace}; a gnoll corpse; 😱 HP[-2]
You take 2 damage, and now have 1/48 hp.
You miss the goblin. You closely miss the goblin.
The goblin hits you with a +0 dagger.
You die...

Skill      XL: |  1 |
---------------+----+-----
Unarmed Combat | 3 |  3.5
Fighting       | |  4.0
Dodging        | |  2.6

Action                   || total
-------------------------++-------
Melee: Unarmed           ||    22
       Punch             ||     1
Invok: Berserk           ||     2
Armor: Animal skin       ||     4
Dodge: Dodged            ||    16

Levels and vault maps discovered:
D:1:      minmay_arrival_plants_in_alcoves, layout_basic,
          hellmonk_ecumenical_altar_dog_temple

Notes
Turn   | Place    | Note
-------+----------+-------------------------------------------
     0 | D:1      | spaghetti the Ogre Berserker began the quest for the Orb.
     0 | D:1      | Reached XP level 1. HP: 24/24 MP: 1/1
     0 | D:1      | magus.rc [v1.9.6]
    28 | D:1      | Reached skill level 3 in Unarmed Combat
   271 | D:1      | HP: 6/24 [gnoll/+0 club (5)]
   272 | D:1      | HP: 2/36 [frozen (2)]
   274 | D:1      | Reached XP level 2. HP: 3/32 MP: 2/2
   277 | D:1      | Slain by a goblin

Vanquished Creatures
  A gnoll (D:1)
  A dart slug (D:1)
  An endoplasm (D:1)
  A hobgoblin (D:1)
  3 rats (D:1)
7 creatures vanquished.

Table legend:
 A = Non-vault XP
 B = Vault XP
 C = Vault XP percentage of total XP
 D = Non-vault monster count
 E = Vault monster count
 F = Vault count percentage of total count
                 A         B        C        D         E       F
            +---------+---------+-------+---------+---------+-------
      Total |      26 |       0 |   0.0 |       7 |       0 |   0.0
            +---------+---------+-------+---------+---------+-------
        D:1 |      26 |       0 |   0.0 |       7 |       0 |   0.0
            +---------+---------+-------+---------+---------+-------

Illustrated notes

Table legend:
 A = Kills in this place as a percentage of kills in entire the game.
 B = Kills by you in this place as a percentage of kills by you in the entire game.
 C = Kills by friends in this place as a percentage of kills by friends in the entire game.
 D = Other kills in this place as a percentage of other kills in the entire game.
 E = Experience gained in this place as a percentage of experience gained in the entire game.
 F = Experience gained in this place divided by the number of levels of this place that you have seen.
                   A       B       C       D       E      F
               +-------+-------+-------+-------+-------+----------------------
         Total | 100.0 | 100.0 |   N/A |   N/A | 100.0 |  26.0
       Dungeon | 100.0 | 100.0 |   N/A |   N/A | 100.0 |  26.0
               +-------+-------+-------+-------+-------+----------------------

Table legend: (Time is in decaauts)
 A = Elapsed time spent in this place.
 B = Non-inter-level travel time spent in this place.
 C = Inter-level travel time spent in this place.
 D = Time resting spent in this place.
 E = Time spent auto-exploring this place.
 F = Levels seen in this place.
 G = Mean time per level.
                   A        B        C        D        E       F      G
               +--------+--------+--------+--------+--------+-----+--------+
         Total |    281 |    281 |      0 |      0 |    232 |   1 |  281.0 |
       Dungeon |    281 |    281 |      0 |      0 |    232 |   1 |  281.0 |
               +--------+--------+--------+--------+--------+-----+--------+

Top non-repeatable levels by time:
     D:1: 281 daAuts
